 Dungeon Crawl Stone Soup version 0.29-a0-553-g81b289dbe5 (webtiles) character file.

Game seed: 5258323894507075882

6638 kae the Arsonist (level 10, -13/69 HPs)
             Began as a Demigod Fire Elementalist on June 6, 2022.
             Hit by a large rock thrown by a cyclops (37 damage)
             ... on level 8 of the Dungeon.
             The game lasted 00:10:04 (12960 turns).

kae the Arsonist (Demigod Fire Elementalist)       Turns: 12960, Time: 00:10:04

Health: -13/69     AC:  9    Str:  9    XL:     10   Next: 44%
Magic:  9/23       EV:  8    Int: 33    God:
Gold:   366        SH:  0    Dex: 14    Spells: 4/21 levels left

rFire   + + .      SeeInvis .   j - staff of conjuration
rCold   . . .      Faith    .   (no shield)
rNeg    + . .      Spirit   .   s - +0 scale mail of Qagu {rPois rF++ Int-2}
rPois   +          Reflect  .   (no helmet)
rElec   .          Harm     .   v - +1 cloak
rCorr   .          Rampage  .   (no gloves)
Will    +....                   (no boots)
Stlth   +.........              d - amulet of regeneration
HPRegen 1.01/turn               g - ring of positive energy
MPRegen 0.18/turn               x - +6 ring of intelligence

@: no status effects
A: high MP 1, forlorn, divine attributes
a: no special abilities


You were on level 8 of the Dungeon.
You visited 1 branch of the dungeon, and saw 8 of its levels.
You also visited: Bailey.

You collected 366 gold pieces.

Inventory:

Missiles
 t - 2 throwing nets
Armour
 a - a +0 robe
 s - the +0 scale mail of Qagu (worn) {rPois rF++ Int-2}
   (You found it on level 5 of the Dungeon)

   Int:       It affects your intelligence (-2).
   rF:        It greatly protects you from fire.
   rPois:     It protects you from poison.
 v - a +1 cloak (worn)
 y - +0 steam dragon scales
Magical Staves
 j - a staff of conjuration (weapon)
Jewellery
 d - an amulet of regeneration (around neck)
 g - a ring of positive energy (left hand)
 x - a +6 ring of intelligence (right hand)
Wands
 n - a wand of charming (11)
 p - a wand of mindburst (11)
 q - a wand of digging (7)
 w - a wand of flame (13)
Scrolls
 e - 7 scrolls of noise
 i - a scroll of enchant weapon
 r - a scroll of silence
 z - a scroll of teleportation
 A - a scroll of identify
Potions
 b - 2 potions of magic
 c - 3 potions of lignification
 f - a potion of brilliance {unknown}
 h - 4 potions of curing {unknown}
 k - a potion of haste {unknown}
 l - 2 potions of mutation {unknown}
 m - 5 potions of might {unknown}
 o - 4 potions of flight {unknown}
 u - a potion of invisibility {unknown}


   Skills:
 + Level 3.9 Armour
 - Level 1.7 Dodging
 - Level 1.7 Stealth
 + Level 6.1 Spellcasting
 * Level 9.3 Conjurations
 * Level 9.6 Fire Magic


You had 4 spell levels left.
You knew the following spells:

 Your Spells              Type           Power      Damage    Failure   Level
a - Foxfire               Conj/Fire      100%       2x1d9     1%          1
b - Scorch                Fire           100%       2d10      1%          2
c - Conjure Flame         Conj/Fire      83%        6-21      1%          3
d - Inner Flame           Hex/Fire       42%        N/A       12%         3
e - Flame Wave            Conj/Fire      83%        2d14      6%          4
f - Sticky Flame          Conj/Fire      83%        2d9       6%          4

Your spell library contained the following spells:

 Spells                   Type           Power      Damage    Failure   Level
 Magic Dart               Conj           100%       1d8       1%          1
 Searing Ray              Conj           100%       2d8       1%          2
 Dazzling Flash           Conj/Hex       100%       N/A       13%         3
 Stone Arrow              Conj/Erth      100%       3d13      13%         3
 Fulminant Prism          Conj/Hex       28%        3d14      41%         4
 Confusing Touch          Hex            10%        N/A       65%         3
 Animate Armour           Summ/Erth      20%        N/A       96%         4
 Orb of Destruction       Conj           41%        9d11      99%         7
 Blade Hands              Tmut           5%         N/A       100%        5
 Yara's Violent Unravell  Hex/Tmut       5%         3d4       100%        5
 Iron Shot                Conj/Erth      28%        9d6       100%        6
 Summon Cactus Giant      Summ           5%         N/A       100%        6
 Enfeeble                 Hex            5%         N/A       100%        7


Dungeon Overview and Level Annotations

Branches:
Dungeon (8/15)             Temple (0/1) D:4          Bailey (visited)
   Lair: D:8-11

Shops:
D:1 [   D:6 (

Annotations:
D:6 2 transporters, kae's ghost, novice DgFE


Innate Abilities, Weirdness & Mutations

You have an increased reservoir of magic. (+10% MP)
You shall have no god before yourself.
Your divine heritage dramatically boosts your attributes as you level up.


Message History

Casting: Scorch (safe; 1% risk of failure)
Confirm with . or Enter, or press ? or * to list all spells.
Aiming: Inner Flame (dangerous; 12% risk of failure)
Press: ? - help, Dir - move target, f - cyclops
Aim: a cyclops, quivering large rocks (chance to affect: 80%)
The cyclops barely resists.
Casting: Inner Flame (dangerous; 12% risk of failure)
Confirm with . or Enter, or press ? or * to list all spells.
Flames lash the cyclops.
The cyclops is moderately wounded.
The cyclops's fire resistance burns away.
The cyclops throws a large rock.
The large rock hits you!
Casting: Scorch (safe; 1% risk of failure)
Confirm with . or Enter, or press ? or * to list all spells.
Casting: Flame Wave (dangerous; 6% risk of failure)
Press: ? - help, Dir - look around, f - activate
Okay, then.
Casting: Flame Wave (dangerous; 6% risk of failure)
Confirm with . or Enter, or press ? or * to list all spells.
Aiming: Sticky Flame (dangerous; 6% risk of failure)
Press: ? - help, Shift-Dir - straight line, f/p - cyclops
Aim: a cyclops, quivering large rocks (moderately wounded, more vulnerable to fire, 100% to hit)
You feel a surge of power!
The sticky flame hits the cyclops!
The cyclops is burned terribly!
The cyclops is heavily wounded.
The cyclops is covered in liquid flames!
The cyclops burns!
An eight-headed hydra comes into view.
Casting: Sticky Flame (dangerous; 6% risk of failure)
Confirm with . or Enter, or press ? or * to list all spells.
You feel a surge of power!
The fire begins to smoulder!
The cyclops burns!
The cyclops barely misses you.
Casting: Conjure Flame (safe; 1% risk of failure)
Confirm with . or Enter, or press ? or * to list all spells.
You feel a surge of power!
The fire ignites!
You are engulfed in blazing flames.
You resist.
The cyclops burns!
The cyclops hits you!!
The cyclops burns!
The cyclops throws a large rock.
The large rock hits you!!!
Ouch! That really hurt!
You die...

###.#.## ##.. #[#####
## #...# ).. #)[)[.##
# #..## ##..
#.###..## # #..# ..C.
#B# ##..# ##.#
#.###'###.# ##.# #..#
# #.........# #.#
#.#####.# #####'#####
##.### #.#....
#...#.#..|# #.....
#.#..#
#.@.#.#.)[#....###.
#.#.#
#..§#.#...#.##.#[#.
###.#)#
#.####C..####.#(.....
....))#
#.'...D⌠....'.##.⌠.##
#...#.#
#.####...####...... #
#...#.#
#...#.#...##.#.# #
#...#.# #...#.#...##
## . ##.)#..
#...#.#..?# ## ...###
#####'#####


You could see an eight-headed hydra and a cyclops (burning, combustible).

Vanquished Creatures
  A two-headed ogre (D:5)
  An ugly thing (D:7)
  An orc knight (D:8)
  An orc sorcerer (D:8)
  A steam dragon (D:8)
  Menkaure (D:5)
  An acid dragon (D:8)
  A water moccasin (D:8)
  An ice beast (D:5)
  2 sky beasts (D:7)
  3 orc warriors
  2 black bears
  2 centaurs (D:8)
  2 ogres
  2 wolves (Bailey)
  3 kobold brigands (D:8)
  2 phantoms
  5 bullfrogs
  6 scorpions
  3 gnoll sergeants (Bailey)
  Blork the orc (D:5)
  A necrophage (D:6)
  A wight (D:8)
  9 killer bees
  A howler monkey (D:8)
  A jelly (D:7)
  7 orc priests
  7 hounds
  4 gnoll shamans
  Ijyb (D:5)
  3 iguanas
  6 orc wizards
  30 gnolls
  10 adders
  3 worms
  A dart slug (D:2)
  25 orcs
  4 endoplasms
  5 giant cockroaches
  12 goblins
  8 hobgoblins
  2 jackals (D:1)
  5 quokkas
  11 ball pythons
  4 frilled lizards
  4 kobolds
  6 rats
213 creatures vanquished.

Vanquished Creatures (collateral kills)
  An orc wizard (D:8)
  A gnoll (Bailey)
  3 foxfires (D:2)
5 creatures vanquished.

Vanquished Creatures (others)
  A wolf (Bailey)
  560 foxfires
  2 plants
563 creatures vanquished.

Grand Total: 781 creatures vanquished

Notes
Turn   | Place    | Note
-------+----------+-------------------------------------------
     0 | D:1      | kae the Demigod Fire Elementalist began the quest for the
                  | Orb.
     0 | D:1      | Reached XP level 1. HP: 14/14 MP: 5/5
   209 | D:1      | Reached skill level 1 in Conjurations
   418 | D:1      | Reached XP level 2. HP: 20/20 MP: 2/7
   421 | D:1      | Learned a level 2 spell: Scorch
   506 | D:1      | Found Iwni's Armour Shoppe.
  1509 | D:2      | Reached XP level 3. HP: 26/26 MP: 3/8
  1513 | D:2      | Learned a level 3 spell: Conjure Flame
  2358 | D:3      | Reached XP level 4. HP: 33/33 MP: 5/10
  3493 | D:4      | Found a staircase to the Ecumenical Temple.
  3516 | D:4      | Noticed a black bear
  3522 | D:4      | Killed a black bear
  3523 | D:4      | Reached XP level 5. HP: 38/38 MP: 8/12
  3609 | D:4      | Learned a level 3 spell: Inner Flame
  4270 | D:4      | Reached XP level 6. HP: 45/45 MP: 10/13
  5078 | D:5      | Entered Level 5 of the Dungeon
  5078 | D:5      | Noticed Ijyb
  5978 | D:5      | Reached skill level 5 in Fire Magic
  5995 | D:5      | Killed Ijyb
  6160 | D:5      | Noticed Blork the orc
  6168 | D:5      | Killed Blork the orc
  6169 | D:5      | Reached XP level 7. HP: 37/50 MP: 11/15
  6459 | D:5      | Reached skill level 5 in Conjurations
  6566 | D:4      | Identified a scroll of acquirement
  6566 | D:4      | Acquired Sif Muna's Guide on Attacks
  7396 | D:5      | Reached XP level 8. HP: 56/57 MP: 14/17
  7401 | D:5      | Learned a level 4 spell: Flame Wave
  7440 | D:5      | Noticed Menkaure
  7454 | D:5      | Killed Menkaure
  7682 | D:5      | Noticed a two-headed ogre
  7730 | D:5      | Killed a two-headed ogre
  7973 | D:5      | Identified the +0 scale mail of Qagu {rPois rF++ Int-2}
  8100 | D:6      | Found Tuof's Hydra Hut.
  8100 | D:6      | Noticed a seven-headed hydra
  8558 | D:6      | Found a transporter.
  8559 | D:6      | Identified the +5 giant spiked club "Cily" {vorpal, Contam
                  | rCorr Dex+7}
  8559 | D:6      | Noticed a two-headed ogre
  8560 | D:6      | Noticed kae's ghost (novice DgFE)
  8561 | D:6      | Found a transporter.
  8844 | D:7      | Reached XP level 9. HP: 61/62 MP: 13/19
  8870 | D:7      | Found a flagged portal.
  8920 | Bailey   | Entered a bailey
  9161 | Bailey   | HP: 3/62 [gnoll sergeant/+0 glaive (11)]
  9162 | Bailey   | Reached skill level 1 in Armour
  9162 | Bailey   | Reached skill level 5 in Spellcasting
  9407 | Bailey   | HP: 2/62 [gnoll sergeant/+0 glaive (11)]
 10213 | D:7      | Noticed a brown ugly thing
 10556 | D:7      | Killed a brown ugly thing
 11560 | D:8      | Learned a level 4 spell: Sticky Flame
 11767 | D:8      | Reached XP level 10. HP: 48/69 MP: 8/22
 12275 | D:8      | Noticed an orc knight
 12662 | D:8      | Noticed a cyclops
 12662 | D:8      | Noticed a boulder beetle
 12688 | D:8      | Killed an orc knight
 12799 | D:8      | Noticed a deep elf pyromancer
 12894 | D:8      | Noticed an orc sorcerer
 12901 | D:8      | Killed an orc sorcerer
 12957 | D:8      | Noticed an eight-headed hydra
 12960 | D:8      | Hit by a large rock thrown by a cyclops

Illustrated notes

Levels and vault maps discovered:
D:1:      evilmike_arrival_rings, layout_loops_ring, serial_shops, shop,
          basic_ecumenical_altar, corexii_leaking_fountain, grunt_decor_clamped,
          minmay_surrounded
D:2:      layout_basic, serial_forest, infiniplex_forest_end_3,
          infiniplex_forest_clump_double, infiniplex_forest_lined_4_way,
          infiniplex_forest_lined_4_way, infiniplex_forest_straight_2,
          infiniplex_forest_lined_3, chequers_serial_rivers_room_b,
          minmay_tripent
D:3:      layout_basic
D:4:      layout_layer_cave, temple_doors_cd, kennysheep_decorative_pillar
D:5:      layout_rooms, uniq_ijyb, uniq_menkaure, uniq_blork_the_orc
D:6:      layout_rooms, gammafunk_ghost_smash, doesnt_shop_hydraphobe
D:7:      layout_loops_corners, enter_bailey_5, minmay_starry_boxes
D:8:      minmay_the_grid_plus_closed [minmay_the_grid_minigrid_large,
          minmay_the_grid_box_x, minmay_the_grid_small_cups,
          minmay_the_grid_armoury, minmay_the_grid_prize_four_corners],
          layout_loops_ring, nicolae_concentric_dashed_squares_wild

Skill      XL: |  1  2  3  4  5  6  7  8  9 10 |
---------------+-------------------------------+-----
Conjurations   | 1 2 3 4 5 7 8 9 |  9.3
Fire Magic     | 3 4 5 6 7 8 9 |  9.6
Spellcasting   | 2 3 4 5 6 |  6.1
Armour         | 3 |  3.9
Dodging        | |  1.7
Stealth        | |  1.7

Action                   |  1- 3 |  4- 6 |  7- 9 | 10-12 || total
-------------------------+-------+-------+-------+-------++-------
Melee: Unarmed           |     6 |       |       |       ||     6
       Staff             |     6 |       |       |    20 ||    26
 Cast: Foxfire           |    77 |   121 |   100 |    43 ||   341
       Scorch            |     3 |     9 |    78 |    25 ||   115
       Conjure Flame     |       |       |     4 |     8 ||    12
       Inner Flame       |       |       |    10 |     6 ||    16
       Flame Wave        |       |       |     4 |     1 ||     5
       Sticky Flame      |       |       |       |     1 ||     1
Evoke: Wand              |       |       |     7 |     2 ||     9
  Use: Scroll            |     8 |     4 |     6 |     1 ||    19
       Potion            |       |       |     4 |       ||     4
Armor: Robe              |     8 |     2 |     3 |       ||    13
       Scale mail        |       |       |    34 |    44 ||    78
Dodge: Dodged            |    10 |     9 |    54 |    37 ||   110

Table legend: (Time is in decaauts)
 A = Elapsed time spent in this place.
 B = Non-inter-level travel time spent in this place.
 C = Inter-level travel time spent in this place.
 D = Time resting spent in this place.
 E = Time spent auto-exploring this place.
 F = Levels seen in this place.
 G = Mean time per level.
                   A        B        C        D        E       F      G
               +--------+--------+--------+--------+--------+-----+--------+
         Total |  12979 |  12458 |    521 |   2400 |   8339 |   9 | 1442.1 |
       Dungeon |  12484 |  11963 |    521 |   2254 |   8102 |   8 | 1560.5 |
        Bailey |    495 |    495 |      0 |    146 |    237 |   1 |  495.0 |
               +--------+--------+--------+--------+--------+-----+--------+

Top non-repeatable levels by time:
     D:4: 3334 daAuts
     D:7: 2503 daAuts
     D:5: 1391 daAuts
     D:1: 1368 daAuts
     D:8: 1145 daAuts
     D:3: 1106 daAuts
     D:6: 825 daAuts
     D:2: 808 daAuts
  Bailey: 495 daAuts
